Match 42233083
Unlisted

Match 42233083
End
Construct Barracks
Riflemen Squad
Riflemen Squad
Grenade Package
Riflemen Squad
Construct Medical Station
Construct Weapon Support Center
Infantry Support Center
Advanced Logistics
M3 Armored Personnel Carrier
Selects Special Operations Battlegroup
Selects M29 Weasel with M1 Pack Howitzer
M29 Weasel with M1 Pack Howitzer
Bazooka Squad
Selects P-47 Anti-Infantry Loiter
P-47 Anti-Infantry Loiter
Selects UNKNOWN (2162291)
Selects UNKNOWN (2162291)
Construct Tank Depot
P-47 Anti-Infantry Loiter
M18 Hellcat Tank Destroyer
M3 Armored Personnel Carrier
Selects M4A1 Sherman Whizbang
M4A1 Sherman Whizbang
Selects Raiding Flares
Engineer Squad
Engineer Squad
Raiding Flares
Survival Training
Demolitions Package
.30 cal Machine Gun
.30 cal Machine Gun
Improved M9 Bazooka Rockets
P-47 Anti-Infantry Loiter
Munitions Surplus
P-47 Anti-Infantry Loiter
Selects SSF Commando Squad
M4A1 Sherman Medium Tank
Raiding Flares
M4A1 Sherman Medium Tank
Raiding Flares
Engineer Squad
Raiding Flares
M4A1 Sherman Whizbang
P-47 Anti-Infantry Loiter
Engineer Squad
Engineer Squad
Raiding Flares
M1918 Browning Automatic Rifles
Miško
沐雨轻然
BlueJavaChip
GAGE
Kanade
抖音雨哲QAQ
Hudkey
makke
0
0

Comments sign in to comment!

No comments posted yet!